 Dungeon Crawl Stone Soup version 0.16-a0-2934-g71f8417 (webtiles) character file.

91 Kemay the Ducker (level 4, 0/28 HPs)
             Began as an Octopode Transmuter on Dec 3, 2014.
             Slain by an orc (4 damage)
             ... on level 3 of the Dungeon.
             The game lasted 00:06:49 (2799 turns).

Kemay the Ducker (Octopode Transmuter)              Turns: 2799, Time: 00:06:49

Health: 0/28       AC:  1    Str:  9    XL:     4   Next: 59%
Magic:  7/7        EV: 13    Int: 15    God:
Gold:   135        SH:  0    Dex: 11    Spells: 1 memorised, 6 levels left

rFire  . . .     SeeInvis .     e - +2 dagger (venom)
rCold  . . .     Clarity  .     (no shield)
rNeg   . . .     SustAb   .     (helmet restricted)
rPois  .         Gourm    .     (no amulet)
rElec  .         Spirit   .     (no ring)
rCorr  .         Warding  .     (no ring)
rMut   .         Stasis   .     (no ring)
MR     .....                    (no ring)
Stlth  +++.......               (no ring)
                                (no ring)
                                (no ring)
                                (no ring)

@: appendage (expiring), very slightly contaminated, not resistant to hostile
enchantments, fairly stealthy
A: almost no armour, amphibious, 8 rings, constrict 8, fangs 1, tentacle spike
3, camouflage 2, clumsy 1, screaming 1, spit poison 1, gelatinous body 1
a: Spit Poison, End Transformation


You were on level 3 of the Dungeon.
You were not hungry.
One of your tentacles had a temporary spike.
You visited 1 branch of the dungeon, and saw 3 of its levels.

You collected 135 gold pieces.

Inventory:

Hand weapons
 e - a +2 dagger of venom (weapon)
Scrolls
 f - 4 scrolls of remove curse
 m - a scroll of recharging
Potions
 i - 2 potions of restore abilities {unknown}
 j - a potion of curing {unknown}
 k - a potion of magic {unknown}
Books
 d - a book of Changes

   Spells                             Type                      Level
   a - Beastly Appendage              Transmutation                1
   b - Sticks to Snakes               Transmutation                2
   c - Spider Form                    Transmutation/Poison         3
   d - Ice Form                       Ice/Transmutation            4
   e - Blade Hands                    Transmutation                5
Comestibles
 a - 3 bread rations
 b - 2 meat rations
 c - 2 beef jerkies
 g - a chunk of flesh
 l - a slice of pizza


   Skills:
 - Level 1.0 Fighting
 + Level 4.6 Dodging
 - Level 3.0 Unarmed Combat
 - Level 2.0 Spellcasting
 - Level 2.0 Transmutations


You had 6 spell levels left.
You knew the following spells:

 Your Spells              Type           Power        Failure   Level  Hunger
a - Beastly Appendage     Trmt           #.....       12%         1    #......


Dungeon Overview and Level Annotations

Branches:
Dungeon (3/15)

Altars:

Annotations:
D:3 Kemay's ghost, average OpTm


Innate Abilities, Weirdness & Mutations

You cannot wear most types of armour.
You are amphibious.
You can wear up to eight rings at the same time.
You can use your tentacles to constrict many enemies at once.
Your skin blends seamlessly with your surroundings (Stealth).
Your rubbery body absorbs attacks (AC +1).
You have very sharp teeth.
One of your tentacles bears a large vicious spike.
You are clumsy. (Dex -2)
You occasionally shout uncontrollably at your foes.
You can spit poison.


Message History

Kemay's ghost hits you.
You hit Kemay's ghost. Your squeeze misses Kemay's ghost.
Kemay's ghost is moderately damaged.
Kemay's ghost closely misses you.
You barely miss Kemay's ghost.
Kemay's ghost is moderately damaged.
Kemay's ghost hits you.
You miss Kemay's ghost.
Your tentacle spike misses Kemay's ghost.
Kemay's ghost is moderately damaged.
Kemay's ghost barely misses you. The orc barely misses you.
You hit Kemay's ghost.
Kemay's ghost is moderately damaged.
Kemay's ghost hits you. The orc barely misses you.
You hit the orc. You grab the orc.
You pierce the orc, but do no damage.
The orc is moderately wounded.
You constrict the orc. Kemay's ghost hits you.
* * * LOW HITPOINT WARNING * * *
The orc hits you.
You die...

##############
..............#
........####.#######.
.........))..........#
##.##........#######.#
#...####..........
#@..# #.######### #
#oW[# #.########
#.##...####.........
.........######.>#
##...###.# #...# #.#
##...###.#####
..####........[...#
...........###.###.#


You could see Kemay's ghost and an orc.

Vanquished Creatures
  4 adders (D:2)
  A worm (D:2)
  An ooze (D:1)
  2 orcs (D:3)
  4 bats
  8 goblins
  9 hobgoblins
  2 quokkas (D:2)
  2 giant cockroaches (D:2)
  6 giant newts
  2 kobolds (D:1)
  7 rats
48 creatures vanquished.

Notes
Turn   | Place    | Note
--------------------------------------------------------------
     0 | D:1      | Kemay, the Octopode Transmuter, began the quest for the Orb.
     0 | D:1      | Reached XP level 1. HP: 13/13 MP: 3/3
   559 | D:1      | Reached XP level 2. HP: 18/18 MP: 4/4
  1579 | D:2      | Reached XP level 3. HP: 17/23 MP: 4/6
  1916 | D:2      | Reached skill level 4 in Dodging
  1958 | D:2      | Reached XP level 4. HP: 28/28 MP: 5/7
  2714 | D:2      | Gained mutation: You can spit poison. [potion of mutation]
  2714 | D:2      | Gained mutation: You occasionally shout uncontrollably at your foes. [potion of mutation]
  2714 | D:2      | Gained mutation: You have very sharp teeth. [potion of mutation]
  2715 | D:2      | Gained mutation: Your skin blends seamlessly with your surroundings (Stealth). [potion of mutation]
  2715 | D:2      | Gained mutation: You are clumsy. (Dex -2) [potion of mutation]
  2742 | D:3      | Noticed Kemay's ghost (average OpTm)
  2799 | D:3      | Slain by an orc

Action                   |  1- 3 |  4- 6 || total
-------------------------+-------+-------++-------
Melee: Dagger            |    65 |    44 ||   109
       Unarmed           |     3 |       ||     3
 Cast: Beastly Appendage |    15 |    10 ||    25
  Use: Scroll            |     5 |     3 ||     8
       Potion            |       |     2 ||     2
 Stab: Sleeping          |     2 |     1 ||     3
  Eat: Chunk             |     3 |     3 ||     6
